 Dungeon Crawl Stone Soup version 0.15.0-11-g6f4f891 (webtiles) character file.

815 MDvedh the Basher (level 7, -3/57 HPs)
             Began as a Minotaur Fighter on Aug 31, 2014.
             Slain by a wyvern (13 damage)
             ... on Level 4 of the Dungeon.
             The game lasted 00:06:35 (3391 turns).

MDvedh the Basher (Minotaur Fighter)                Turns: 3391, Time: 00:06:36

HP  -3/57        AC  9     Str 27      XL: 7   Next: 62%
MP   3/3         EV  7     Int  5      God:
Gold 231         SH 11     Dex 10      Spells:  0 memorised,  6 levels left

rFire  . . .     SeeInvis .     a - +1 flail
rCold  . . .     Clarity  .     b - +0 scale mail
rNeg   . . .     rCorr    .     c - +1 shield
rPois  +         rRot     .     (helmet restricted)
rElec  .         Spirit   .     s - +1 cloak
SustAb .         Warding  .     (no gloves)
rMut   .         Stasis   .     (no boots)
Gourm  .                        (no amulet)
MR     .....                    v - cursed ring of loudness
                                y - ring of poison resistance

@: mighty, not resistant to hostile enchantments, extremely unstealthy
A: retaliatory headbutt, horns 2
a: no special abilities


You were on level 4 of the Dungeon.
You were not hungry.

You visited 1 branch of the dungeon, and saw 4 of its levels.

You collected 231 gold pieces.

Inventory:

Hand weapons
 a - a +1 flail (weapon)
 i - a +0 mace of holy wrath
Armour
 b - a +0 scale mail (worn)
 c - a +1 shield (worn)
 s - a +1 cloak (worn)
 t - a +0 large shield
Comestibles
 d - 2 bread rations
 o - 4 beef jerkies
 p - a meat ration
 r - a slice of pizza
Scrolls
 f - 4 scrolls of remove curse
 g - 2 scrolls of enchant weapon
 h - a scroll of teleportation
 k - 3 scrolls of identify
 q - a scroll of blinking
Jewellery
 v - a cursed ring of loudness (right hand)
 y - a ring of poison resistance (left hand)
Potions
 j - a potion of invisibility {unknown}
 l - a potion of restore abilities
 m - a potion of confusion {unknown}
 n - a potion of mutation {unknown}
 u - a potion of flight {unknown}
 w - 2 potions of curing


   Skills:
 - Level 3.6 Fighting
 + Level 10.5 Maces & Flails
 - Level 3.6 Armour
 - Level 3.6 Shields


You had 6 spell levels left.
You didn't know any spells.

Dungeon Overview and Level Annotations

Branches:
Dungeon (4/15)
 Temple: D:4-7

Altars:


Innate Abilities, Weirdness & Mutations

You reflexively headbutt those who attack you in melee.
You have a pair of horns on your head.


Message History

The wyvern is heavily wounded.
The wyvern bites you!
You barely miss the wyvern. Your headbutt misses the wyvern.
The wyvern is heavily wounded.
The wyvern bites you. The wyvern barely misses you.
You sock the wyvern!
The wyvern is severely wounded.
The wyvern bites you!
You barely miss the wyvern.
The wyvern is severely wounded.
You block the wyvern's attack. x2
You hit the wyvern but do no damage. Your headbutt misses the wyvern.
The wyvern is severely wounded.
The wyvern bites you!
* * * LOW HITPOINT WARNING * * *
You are too injured to fight recklessly!
Drink which item? (? for menu, Esc to quit)
You feel very mighty all of a sudden. You block the wyvern's attack.
The wyvern bites you!
You die...

#.......# #..)..###....
.... ...##...####.#...#
... .
...............###
.#.#.##......#(# ####
.#...........#.#
##.....
.#...........#)#
......#
...%...#.....#.##.....#
.#.....#)....#.#......#
.............#..@D..#
.............#.######
.............#.#
.............#.# ###
##.......#####.# ###..
##.......# #.# #....
##.......# #.# #....
#........# #.# #.....
.........# .# .......#


You could see a wyvern.

Vanquished Creatures
  A deep elf mage (D:4)
  A sky beast (D:3)
  An ogre (D:4)
  A scorpion (D:4)
  Crazy Yiuf (D:4)
  6 orc priests
  An iguana (D:4)
  A worker ant (D:4)
  5 gnolls
  A giant mite (D:3)
  6 adders
  An inept item mimic (D:3)
  A worm (D:4)
  An adder skeleton (D:4)
  2 oozes
  14 orcs
  8 bats
  3 giant cockroaches
  5 goblins
  5 hobgoblins
  A quokka (D:3)
  A ball python (D:4)
  10 giant newts
  8 jackals
  10 kobolds
  9 rats
104 creatures vanquished.

Notes
Turn   | Place    | Note
--------------------------------------------------------------
     0 | D:1      | MDvedh, the Minotaur Fighter, began the quest for the Orb.
     0 | D:1      | Reached XP level 1. HP: 19/19 MP: 1/1
   104 | D:1      | Reached XP level 2. HP: 26/26 MP: 1/1
   534 | D:1      | Reached skill level 4 in Maces & Flails
   534 | D:1      | Reached XP level 3. HP: 28/31 MP: 2/2
  1170 | D:2      | Reached skill level 5 in Maces & Flails
  1433 | D:3      | Reached XP level 4. HP: 21/39 MP: 2/2
  1548 | D:3      | Reached skill level 6 in Maces & Flails
  1840 | D:3      | Reached XP level 5. HP: 31/45 MP: 2/2
  1969 | D:3      | Noticed a sky beast
  1976 | D:3      | Killed a sky beast
  1976 | D:3      | Reached skill level 7 in Maces & Flails
  2325 | D:3      | Reached XP level 6. HP: 48/51 MP: 3/3
  2490 | D:4      | Reached skill level 8 in Maces & Flails
  2722 | D:4      | Noticed a deep elf mage
  2732 | D:4      | Killed a deep elf mage
  2732 | D:4      | Reached skill level 9 in Maces & Flails
  2732 | D:4      | Reached XP level 7. HP: 36/57 MP: 3/3
  2872 | D:4      | Noticed Crazy Yiuf
  2879 | D:4      | Killed Crazy Yiuf
  3039 | D:4      | Reached skill level 10 in Maces & Flails
  3383 | D:4      | Noticed a wyvern
  3391 | D:4      | Slain by a wyvern

Action                   |  1- 3 |  4- 6 |  7- 9 || total
-------------------------+-------+-------+-------++-------
Melee: Flail             |   108 |   117 |    82 ||   307
  Use: Scroll            |       |    10 |       ||    10
       Potion            |       |     1 |     1 ||     2
  Eat: Chunk             |     2 |     1 |       ||     3
       Meat ration       |       |     1 |       ||     1
